 Dungeon Sprint DCSS version 0.29-a0-320-g9f8742066b (webtiles) character file.

Game seed: 4125993941159152836

15526 mhtbhm the Bludgeoner (level 12, -2/128 HPs)
             Began as a Minotaur Fighter on Apr 2, 2022.
             Was the Champion of Okawaru.
             Slain by an iron troll (15 damage)
             ... in the Dungeon (Sprint IX: "|||||||||||||||||||||||||||||").
             The game lasted 00:03:46 (2927 turns).

mhtbhm the Bludgeoner (Minotaur Fighter)            Turns: 2927, Time: 00:03:46

Health: -2/128     AC: 24    Str: 30    XL:     12   Next: 2%
Magic:  0/19       EV: 12    Int:  7    God:    Okawaru [******]
Gold:   1299       SH:  0    Dex: 11    Spells: 11/11 levels left

rFire   . . .      SeeInvis .   o - +2 dire flail (vorpal)
rCold   . . .      Faith    .   (shield currently unavailable)
rNeg    + . .      Spirit   +   b - +0 plate armour
rPois   .          Reflect  .   w - +1 hat
rElec   .          Harm     .   m - +0 cloak
rCorr   .          Rampage  +   n - +0 pair of gloves
Will    .....      NoTele   +   u - +0 pair of boots of Indomitability {Rampage rN+ Str+2 Int+2}
Stlth   ..........              v - amulet of guardian spirit
HPRegen 0.31/turn               p - +2 ring of evasion
MPRegen 0.16/turn               q - +3 ring of strength

@: no status effects
A: horns 2, retaliatory headbutt
a: Renounce Religion, Heroism, Finesse


You were in the Dungeon.
You worshipped Okawaru.
Okawaru was exalted by your worship.
You visited 1 branch You collected 1299 gold pieces.

Inventory:

Hand Weapons
 a - a +0 flail
 o - a +2 vorpal dire flail (weapon)
Missiles
 f - 2 atropa-tipped darts
 y - 5 curare-tipped darts (quivered)
Armour
 b - a +0 plate armour (worn)
 c - a +0 buckler
 m - a +0 cloak (worn)
 n - a +0 pair of gloves (worn)
 u - the +0 pair of boots of Indomitability (worn) {Rampage rN+ Str+2 Int+2}
   (Okawaru gifted it to you in the Dungeon)

   Str:       It affects your strength (+2).
   Int:       It affects your intelligence (+2).
   rN:        It protects you from negative energy.
   Rampage:   It bestows one free step when moving towards enemies.
 w - a +1 hat (worn)
Jewellery
 p - a +2 ring of evasion (left hand)
 q - a +3 ring of strength (right hand)
 v - an amulet of guardian spirit (around neck)
Wands
 l - a wand of iceblast (10)
 x - a wand of mindburst (12)
Scrolls
 j - 4 scrolls of blinking
 k - 2 scrolls of amnesia
 s - 2 scrolls of fog
 t - a scroll of fear
Potions
 d - 2 potions of might
 e - 2 potions of curing
 g - a potion of haste
 h - 4 potions of magic
 i - 2 potions of berserk rage
 r - a potion of heal wounds


   Skills:
 + Level 18.6 Fighting
 + Level 20.3 Maces & Flails
 + Level 1.1 Throwing
 + Level 17.9 Armour
 + Level 3.5 Dodging
 - Level 0.1 Stealth
 + Level 9.6 Shields
 * Level 11.8 Invocations


You had 11 spell levels left.
You didn't know any spells.
Your spell library was empty.

Dungeon Overview and Level Annotations

Branches:
Dungeon (1/1)

Altars:
Cheibriados
Dithmenos
Elyvilon
Fedhas
Gozag
Hepliaklqana
Kikubaaqudgha
Makhleb
Nemelex Xobeh
Okawaru
Qazlal
Ru
Sif Muna
Trog
Uskayaw
Vehumet
Wu Jian
Xom
Yredelemnul
Zin
The Shining One
Beogh
Jiyva
Lugonu

Shops:
D ([[[


Innate Abilities, Weirdness & Mutations

You have a pair of horns on your head.
You reflexively headbutt those who attack you in melee.


Message History

You rampage towards the iron troll!
Found Sulef's Armour Emporium.
Found 50 gold pieces.
You see here 50 gold pieces.
You rampage towards the iron troll!
Found Detzeg's Antique Armour Shoppe.
You hit the iron troll but do no damage.
You sock the iron troll!
You headbutt the iron troll, but do no damage.
The iron troll is lightly wounded.
The iron troll bites you!!
* * * LOW HITPOINT WARNING * * *
The iron troll barely misses you.
The iron troll claws you but does no damage.
You puncture the iron troll!
You headbutt the iron troll, but do no damage.
The iron troll is moderately wounded.
You hit the iron troll but do no damage.
The iron troll is moderately wounded.
Unknown command.
You feel much better. The iron troll bites you!
* * * LOW HITPOINT WARNING * * *
The iron troll claws you but does no damage.
The iron troll claws you!
* * * LOW HITPOINT WARNING * * *
You puncture the iron troll!
You headbutt the iron troll, but do no damage.
The iron troll is heavily wounded.
You completely miss the iron troll.
The iron troll is heavily wounded.
The iron troll misses you. The iron troll claws you!
* * * LOW HITPOINT WARNING * * *
The iron troll barely misses you.
You hit the iron troll but do no damage.
You headbutt the iron troll, but do no damage.
The iron troll is heavily wounded.
Unknown command.
Okay, then.
You feel better. The iron troll bites you!
* * * LOW HITPOINT WARNING * * *
The iron troll closely misses you. The iron troll claws you!
You die...

▓_▓.▓.▓.▓.▓
▓_▓.▓.▓.▓.▓
▓_▓.▓.▓.▓)▓
▓_▓.▓.▓.▓'▓
▓'▓.▓'▓.▓[▓
▓.▓.▓†▓.▓[▓
▓.▓.▓†▓.▓[▓
▓)▓.▓.▓.▓$▓
▓.▓.▓.▓.▓@▓
▓.▓.▓.▓.▓T▓
▓.▓.▓.▓.▓$▓
▓[▓.▓.▓.▓∩▓
▓.▓.▓.▓.▓$▓
▓[▓.▓.▓.▓∩▓
▓'▓.▓)▓.▓$▓
▓)▓.▓.▓.▓∩▓
▓)▓.▓.▓.▓


You could see an iron troll.

Vanquished Creatures
  Gastronok (D)
  An ettin (D)
  2 ogre magi (D)
  A centaur warrior (D)
  A two-headed ogre (D)
  2 orc high priests (D)
  Sonja (D)
  A deep troll (D)
  2 orc sorcerers (D)
  An orc knight (D)
  An ugly thing (D)
  Joseph (D)
  3 black mambas (D)
  3 cane toads (D)
  A gargoyle (D)
  Psyche (D)
  A kobold demonologist (D)
  3 komodo dragons (D)
  4 trolls (D)
  A shadow (D)
  A wraith (D)
  A wyvern (D)
  A yak (D)
  A vampire mosquito (D)
  2 wargs (D)
  2 water moccasins (D)
  3 hell hounds (D)
  9 orc warriors (D)
  5 wolves (D)
  A centaur (D)
  5 bullfrogs (D)
  A hound (D)
  5 orc wizards (D)
  9 orcs (D)
  An endoplasm (D)
  A hobgoblin (D)
  A jackal (D)
  2 ball pythons (D)
  A goblin (D)
84 creatures vanquished.

Vanquished Creatures (others)
  A wraith (D)
1 creature vanquished.

Grand Total: 85 creatures vanquished

Notes
Turn   | Place    | Note
-------+----------+-------------------------------------------
     0 | D        | mhtbhm the Minotaur Fighter began the quest for the Orb.
     0 | D        | Reached XP level 1. HP: 19/19 MP: 0/0
    70 | D        | Noticed a centaur
    70 | D        | Noticed a water moccasin
    70 | D        | Noticed a hound
    75 | D        | Killed a centaur
    76 | D        | Reached skill level 5 in Maces & Flails
    76 | D        | Reached skill level 5 in Shields
    76 | D        | Reached XP level 2. HP: 11/31 MP: 1/1
    76 | D        | Reached XP level 3. HP: 14/38 MP: 2/2
    76 | D        | Reached XP level 4. HP: 17/45 MP: 3/3
    79 | D        | Killed a water moccasin
    80 | D        | Reached skill level 7 in Maces & Flails
    80 | D        | Reached XP level 5. HP: 13/53 MP: 4/4
   117 | D        | Found a snail-covered altar of Cheibriados.
   117 | D        | Found a shadowy altar of Dithmenos.
   117 | D        | Found a white marble altar of Elyvilon.
   117 | D        | Found a blossoming altar of Fedhas.
   117 | D        | Found an opulent altar of Gozag.
   118 | D        | Found a hazy altar of Hepliaklqana.
   119 | D        | Found a viscous altar of Jiyva.
   120 | D        | Found an ancient bone altar of Kikubaaqudgha.
   121 | D        | Found a corrupted altar of Lugonu.
   122 | D        | Found a burning altar of Makhleb.
   123 | D        | Found a sparkling altar of Nemelex Xobeh.
   124 | D        | Found an iron altar of Okawaru.
   125 | D        | Found a stormy altar of Qazlal.
   126 | D        | Found a sacrificial altar of Ru.
   127 | D        | Found a shimmering blue altar of Sif Muna.
   128 | D        | Found a bloodstained altar of Trog.
   129 | D        | Found a hide-covered altar of Uskayaw.
   130 | D        | Found a radiant altar of Vehumet.
   131 | D        | Found an ornate altar of the Wu Jian Council.
   132 | D        | Became a worshipper of Warmaster Okawaru
   133 | D        | Found a shimmering altar of Xom.
   134 | D        | Found a basalt altar of Yredelemnul.
   135 | D        | Found a glowing silver altar of Zin.
   136 | D        | Found a glowing golden altar of the Shining One.
   377 | D        | Noticed a kobold demonologist
   377 | D        | Noticed an orc warrior
   377 | D        | Noticed a shadow
   377 | D        | Noticed a wyvern
   377 | D        | Noticed a vampire mosquito
   383 | D        | Noticed a red devil
   391 | D        | Killed a kobold demonologist
   391 | D        | Reached * piety under Okawaru
   392 | D        | Reached skill level 9 in Maces & Flails
   392 | D        | Reached skill level 1 in Dodging
   392 | D        | Reached XP level 6. HP: 24/66 MP: 5/5
   398 | D        | Killed an orc warrior
   399 | D        | Reached skill level 10 in Fighting
   399 | D        | Reached skill level 10 in Maces & Flails
   399 | D        | Reached skill level 10 in Armour
   399 | D        | Reached XP level 7. HP: 34/72 MP: 6/6
   402 | D        | Killed a shadow
   408 | D        | Killed a wyvern
   409 | D        | Reached skill level 11 in Maces & Flails
   629 | D        | Killed a vampire mosquito
   629 | D        | Reached ** piety under Okawaru
   630 | D        | Reached XP level 8. HP: 82/82 MP: 7/7
   747 | D        | Noticed a gargoyle
   747 | D        | Noticed a purple ugly thing
   747 | D        | Noticed a two-headed ogre
   747 | D        | Noticed a centaur warrior
   758 | D        | Killed a purple ugly thing
   759 | D        | Reached skill level 12 in Maces & Flails
   764 | D        | Killed a gargoyle
   764 | D        | Reached *** piety under Okawaru
   765 | D        | Reached skill level 13 in Maces & Flails
   770 | D        | Killed a two-headed ogre
   770 | D        | Reached **** piety under Okawaru
   771 | D        | Reached skill level 14 in Maces & Flails
   771 | D        | Reached XP level 9. HP: 40/91 MP: 8/11
   774 | D        | Killed a centaur warrior
   774 | D        | Received a gift from Okawaru
   775 | D        | Reached skill level 15 in Maces & Flails
   775 | D        | Reached skill level 5 in Invocations
  1171 | D        | Noticed a black mamba
  1175 | D        | Noticed a komodo dragon
  1178 | D        | Noticed a cane toad
  1186 | D        | Killed a black mamba
  1193 | D        | Reached skill level 16 in Maces & Flails
  1206 | D        | Killed a komodo dragon
  1206 | D        | Reached ***** piety under Okawaru
  1207 | D        | Reached XP level 10. HP: 50/102 MP: 14/14
  1211 | D        | Killed a cane toad
  1644 | D        | Noticed a black mamba
  1644 | D        | Noticed a cane toad
  1651 | D        | Noticed a cane toad
  1654 | D        | Noticed a black mamba
  1662 | D        | Killed a black mamba
  1663 | D        | Reached skill level 17 in Maces & Flails
  1664 | D        | Killed a cane toad
  1665 | D        | Killed a cane toad
  1665 | D        | Identified the +0 pair of boots of Indomitability {Rampage
                  | rN+ Str+2 Int+2} (Okawaru gifted it to you in the Dungeon)
  1665 | D        | Received a gift from Okawaru
  1680 | D        | Killed a black mamba
  1681 | D        | Reached skill level 15 in Fighting
  1890 | D        | Reached skill level 15 in Armour
  2094 | D        | Noticed Psyche
  2096 | D        | Noticed Gastronok
  2100 | D        | Killed Psyche
  2101 | D        | Reached skill level 18 in Maces & Flails
  2107 | D        | Killed Gastronok
  2108 | D        | Reached XP level 11. HP: 113/114 MP: 15/17
  2152 | D        | Noticed Joseph
  2160 | D        | Killed Joseph
  2166 | D        | Noticed Sonja
  2171 | D        | Killed Sonja
  2172 | D        | Reached skill level 10 in Invocations
  2397 | D        | Noticed an orc sorcerer
  2405 | D        | Killed an orc sorcerer
  2408 | D        | Noticed an orc high priest
  2430 | D        | Killed an orc high priest
  2431 | D        | Reached skill level 19 in Maces & Flails
  2440 | D        | Noticed an orc sorcerer
  2440 | D        | Noticed an orc high priest
  2441 | D        | Noticed an orc knight
  2445 | D        | Killed an orc sorcerer
  2767 | D        | Killed an orc high priest
  2811 | D        | Killed an orc knight
  2884 | D        | Found Ziafoo's Antique Weapon Emporium.
  2884 | D        | Noticed an ogre mage
  2884 | D        | Noticed a deep troll
  2884 | D        | Noticed an ogre mage
  2884 | D        | Noticed an ettin
  2889 | D        | Killed an ogre mage
  2899 | D        | Killed a deep troll
  2900 | D        | Reached skill level 1 in Throwing
  2903 | D        | Found Cynlircho's Armour Shoppe.
  2905 | D        | Reached skill level 20 in Maces & Flails
  2906 | D        | Killed an ogre mage
  2906 | D        | Identified the +2 pair of boots of Duty {SInv} (Okawaru
                  | gifted it to you in the Dungeon)
  2906 | D        | Received a gift from Okawaru
  2911 | D        | Killed an ettin
  2911 | D        | Reached ****** piety under Okawaru
  2912 | D        | Noticed an iron troll
  2917 | D        | Reached XP level 12. HP: 27/128 MP: 5/19
  2918 | D        | Found Sulef's Armour Emporium.
  2919 | D        | Found Detzeg's Antique Armour Shoppe.
  2927 | D        | Slain by an iron troll

Illustrated notes

Levels and vault maps discovered:
D:        linesprint [early_d, line_temple, items_1, d_10, items_2, lair_1,
          lair_end, items_3, orc_1, orc_end, items_4, d_15, swamp_1, shoals_1,
          snake_1, spider_1, d_20, vaults_1, items_5, swamp_end, shoals_end,
          snake_end, spider_end, vaults_end, d_27, items_6, zot_1, zot_end,
          crypt_end, forest_end, elf_end, slime_end, tomb_end, abyss_end,
          pan_hell_end]

Skill      XL: |  1  2  3  4  5  6  7  8  9 10 11 |
---------------+----------------------------------+-----
Fighting       | 6 7 9 10 11 12 13 16 18 | 18.6
Armour         | 6 7 9 10 11 12 13 15 17 | 17.9
Shields        | 5 7 8 9 |  9.6
Maces & Flails | 5 7 9 10 11 14 16 18 20 | 20.3
Dodging        | 1 2 3 |  3.5
Invocations    | 4 7 9 11 | 11.8
Throwing       | 1 |  1.1
Stealth        | |  0.1

Action                   |  1- 3 |  4- 6 |  7- 9 | 10-12 || total
-------------------------+-------+-------+-------+-------++-------
Melee: Flail             |    14 |     7 |       |       ||    21
       Headbutt          |     2 |     6 |    18 |    43 ||    69
       Dire flail        |       |    20 |    96 |   193 ||   309
Throw: Dart              |       |       |       |     2 ||     2
  Use: Potion            |       |     2 |     4 |     4 ||    10
 Stab: Invisible         |       |       |     3 |       ||     3
Armor: Scale mail        |     7 |     2 |       |       ||     9
       Plate armour      |       |     8 |    29 |    52 ||    89
Dodge: Dodged            |    10 |     8 |    22 |    47 ||    87
Block: Buckler           |     3 |       |       |       ||     3

Table legend: (Time is in decaauts)
 A = Elapsed time spent in this place.
 B = Non-inter-level travel time spent in this place.
 C = Inter-level travel time spent in this place.
 D = Time resting spent in this place.
 E = Time spent auto-exploring this place.
 F = Levels seen in this place.
 G = Mean time per level.
                   A        B        C        D        E       F      G
               +--------+--------+--------+--------+--------+-----+--------+
         Total |   2812 |   2812 |      0 |   1342 |    653 |   1 | 2812.0 |
       Dungeon |   2812 |   2812 |      0 |   1342 |    653 |   1 | 2812.0 |
               +--------+--------+--------+--------+--------+-----+--------+

Top non-repeatable levels by time:
       D: 2812 daAuts
